 Dungeon Crawl Stone Soup version 0.25.0-9-g26727b657a (webtiles) character file.

Game seed: 1161326297461521413

363 xccam the Insei (level 6, 0/38 HPs)
             Began as an Octopode Transmuter on June 17, 2020.
             Slain by an orc wizard
             ... wielding a +0 spear
              (7 damage)
             ... on level 4 of the Dungeon.
             The game lasted 00:06:22 (4435 turns).

xccam the Insei (Octopode Transmuter)               Turns: 4435, Time: 00:06:23

Health: 0/38       AC:  1    Str: 10    XL:     6   Next: 67%
Magic:  11/18      EV: 13    Int: 16    God:
Gold:   196        SH:  0    Dex: 13    Spells: 6/9 levels left

rFire    . . .     SeeInvis .     - Unarmed
rCold    . . .     Gourm    .   (no shield)
rNeg     . . .     Faith    .   (helmet restricted)
rPois    .         Spirit   .   (no amulet)
rElec    .         Reflect  .   e - ring of magical power
rCorr    .         Harm     .   (no ring)
MR       .....                  (no ring)
Stlth    +++.......             (no ring)
HPRegen  0.12/turn              (no ring)
MPRegen  0.16/turn              (no ring)
                                (no ring)
                                (no ring)

@: appendage, very slightly contaminated
A: almost no armour, stealthy swim, amphibious, 8 rings, constrict 8, tentacle
spike 3, camouflage 1, gelatinous body 1
a: End Transformation


You were on level 4 of the Dungeon.
You were near starving.
One of your tentacles had a temporary spike.
You visited 1 branch of the dungeon, and saw 4 of its levels.

You collected 196 gold pieces.

Inventory:

Missiles
 a - 33 arrows
Jewellery
 e - a ring of magical power (left tentacle)
Wands
 b - a wand of enslavement (9)
 n - a wand of disintegration (18)
Scrolls
 f - a scroll of enchant armour
 h - 2 scrolls of teleportation
 m - a scroll of magic mapping {unknown}
Potions
 g - a potion of ambrosia
 i - a potion of invisibility
 k - 2 potions of might
 l - 2 potions of brilliance
Comestibles
 c - 5 rations


   Skills:
 - Level 1.0 Fighting
 - Level 2.0 Dodging
 + Level 2.8 Stealth
 + Level 6.9 Unarmed Combat
 - Level 2.0 Spellcasting
 - Level 2.0 Transmutations


You had 6 spell levels left.
You knew the following spells:

 Your Spells              Type           Power        Failure   Level  Hunger
a - Beastly Appendage     Tmut           #.....       9%          1    #......
b - Sticks to Snakes      Tmut           #.......     14%         2    ###....

Your spell library contained the following spells:

 Spells                   Type           Power        Failure   Level  Hunger
 Spider Form              Tmut/Pois      #.........   38%         3    ###....
 Ice Form                 Ice/Tmut       #.......     80%         4    #####..
 Blade Hands              Tmut           #.........   94%         5    ######.


Dungeon Overview and Level Annotations

Branches:
Dungeon (4/15)
 Temple: D:4-7

Altars:
Vehumet


Innate Abilities, Weirdness & Mutations

You cannot wear most types of armour.
You are very stealthy in the water. (Stealth+)
You are amphibious.
You can wear up to eight rings at the same time.
You can use your tentacles to constrict eight enemies at once.
Your skin changes colour to match your surroundings (Stealth+).
Your rubbery body absorbs attacks. (AC +1, EV +1)
One of your tentacles bears a large vicious spike.


Message History

Casting: Sticks to Snakes (safe; 14% risk of failure)
Confirm with . or Enter, or press ? or * to list all spells.
You miscast Beastly Appendage.
You are very lightly contaminated with residual magic.
Nothing appears to happen.
Casting: Beastly Appendage (safe; 9% risk of failure)
Confirm with . or Enter, or press ? or * to list all spells.
One of your tentacles grows a vicious spike.
You are near starving!
The orc wizard points at you and mumbles some strange words.
You resist with some effort.
The orc wizard hits you from afar with a +0 spear.
* * * LOW HITPOINT WARNING * * *
The orc wizard hits you with a +0 spear.
* * * LOW HITPOINT WARNING * * *
You closely miss the orc wizard. Your grab misses the orc wizard.
You pierce the orc wizard.
Your squeeze misses the orc wizard.
The orc wizard is moderately wounded.
The orc wizard hits you with a +0 spear!
You die...

## ..## ### ...
..## ###.## #..#
##.....##..#
#.......#..#
#.......#..# #
#......_....So# #.
#..#.......#@.#
..###..#.......#..#
.......##.....##..#
#......####.####..#
..................#
................#.#
..........<.......#
................###
...........o...<#


You could see an orc wizard and a friendly adder.

Vanquished Creatures
  A phantom (D:4)
  3 orc priests (D:3)
  A worker ant zombie (D:4)
  5 adders
  3 gnolls (D:2)
  An ooze (D:3)
  3 worms
  A dart slug (D:2)
  5 leopard geckos
  9 orcs (D:3)
  4 bats
  5 giant cockroaches
  5 goblins
  6 hobgoblins
  6 jackals (D:2)
  A ball python (D:2)
  4 frilled lizards
  9 kobolds
  10 rats
82 creatures vanquished.

Vanquished Creatures (collateral kills)
  A gnoll (D:2)
1 creature vanquished.

Grand Total: 83 creatures vanquished

Notes
Turn   | Place    | Note
-------+----------+-------------------------------------------
     0 | D:1      | xccam the Octopode Transmuter began the quest for the Orb.
     0 | D:1      | Reached XP level 1. HP: 13/13 MP: 3/3
   245 | D:1      | Reached XP level 2. HP: 6/18 MP: 5/5
   912 | D:1      | Reached skill level 4 in Unarmed Combat
  1184 | D:1      | Reached XP level 3. HP: 23/23 MP: 6/6
  1188 | D:1      | Learned a level 2 spell: Sticks to Snakes
  1869 | D:2      | Reached XP level 4. HP: 19/28 MP: 5/7
  2188 | D:2      | Reached skill level 5 in Unarmed Combat
  2767 | D:2      | Reached XP level 5. HP: 33/33 MP: 8/8
  3292 | D:3      | Reached skill level 6 in Unarmed Combat
  3428 | D:3      | Reached XP level 6. HP: 38/38 MP: 9/9
  3753 | D:3      | Reached skill level 1 in Stealth
  3964 | D:4      | Found a radiant altar of Vehumet.
  4115 | D:4      | Noticed a phantom
  4417 | D:4      | Killed a phantom
  4435 | D:4      | Slain by an orc wizard

Illustrated notes

Levels and vault maps discovered:
D:1:      sevenhm_arrival_forest_fort_small_6, layout_loops_ring
D:2:      layout_basic, serial_rivers, chequers_serial_rivers_micro_b,
          chequers_serial_rivers_room_a, chequers_serial_rivers_large_b,
          chequers_serial_rivers_micro_e, chequers_serial_rivers_micro_b
D:3:      layout_basic, first_ration, st_stairs_5, chequers_decorated_corner
D:4:      layout_rooms, old_standard_altar, temple_pool_b,
          gammafunk_ghost_mausoleum, nicolae_ossuary_entry_giza

Skill      XL: |  1  2  3  4  5  6 |
---------------+-------------------+-----
Unarmed Combat | 4 5 6 |  6.9
Stealth        | 2 |  2.8
Fighting       | |  1.0
Dodging        | |  2.0
Spellcasting   | |  2.0
Transmutations | |  2.0

Action                   |  1- 3 |  4- 6 || total
-------------------------+-------+-------++-------
Melee: Unarmed           |    83 |   130 ||   213
       Constrict         |    22 |    28 ||    50
       Tentacles         |    16 |    17 ||    33
       Punch             |     3 |     4 ||     7
       Kick              |     2 |    16 ||    18
 Cast: Beastly Appendage |     3 |     7 ||    10
       Sticks to Snakes  |       |     4 ||     4
Evoke: Wand              |       |     1 ||     1
  Use: Scroll            |       |     7 ||     7
 Stab: Sleeping          |     5 |     7 ||    12
  Eat: Chunk             |     3 |     7 ||    10
Armor: Skin              |     6 |     1 ||     7
Dodge: Dodged            |    60 |    56 ||   116
